 Dungeon Crawl Stone Soup version 0.28.0-53-g5a82cb258f (webtiles) character file.

Game seed: 10732766770822357446

5819 Sin92 the Spear-Bearer (level 10, -13/88 HPs)
             Began as a Minotaur Fighter on June 3, 2022.
             Was an Elder of Okawaru.
             Mangled by a freezing wraith (14 damage)
             ... led by a death knight
             ... on level 8 of the Dungeon.
             The game lasted 00:14:28 (8170 turns).

Sin92 the Spear-Bearer (Minotaur Fighter)           Turns: 8170, Time: 00:14:30

Health: -13/88     AC: 13    Str: 28    XL:     10   Next: 51%
Magic:  7/12       EV: 15    Int:  5    God:    Okawaru [****..]
Gold:   609        SH:  8    Dex: 20    Spells: 9/9 levels left

rFire   + . .      SeeInvis .   u - +6 spear of Dithmenos's Favour {freeze, rN+ Dex+7}
rCold   . . .      Faith    .   c - +0 buckler
rNeg    + . .      Spirit   .   e - +0 chain mail
rPois   .          Reflect  .   b - +1 hat
rElec   .          Harm     .   (no cloak)
rCorr   .          Rampage  .   (no gloves)
Will    .....                   (no boots)
Stlth   ..........              (no amulet)
HPRegen 0.24/turn               r - +6 ring of strength
MPRegen 0.13/turn               l - ring of protection from fire

@: weak-willed, heroic, finesse-ful, slowed, invisible, very slow
A: horns 2, retaliatory headbutt
a: Renounce Religion, Heroism, Finesse


You were on level 8 of the Dungeon.
You worshipped Okawaru.
Okawaru was greatly pleased with you.
You visited 1 branch of the dungeon, and saw 8 of its levels.

You collected 609 gold pieces.

Inventory:

Hand Weapons
 i - a +6 hand axe
 u - the +6 spear of Dithmenos's Favour (weapon) {freeze, rN+ Dex+7}
   (You found it on level 3 of the Dungeon)

   It freezes those it strikes, dealing additional cold damage.
   It can also slow down cold-blooded creatures.
   Dex:       It affects your dexterity (+7).
   rN:        It protects you from negative energy.
Armour
 b - a +1 hat (worn)
 c - a +0 buckler (worn)
 e - a +0 chain mail (worn)
Jewellery
 l - a ring of protection from fire (right hand)
 r - a +6 ring of strength (left hand)
Wands
 j - a wand of flame (28)
Scrolls
 f - 2 scrolls of identify
 g - a scroll of magic mapping
Potions
 d - a potion of might
 h - 4 potions of curing
 k - a potion of lignification
 o - 7 potions of attraction
 q - a potion of ambrosia
 t - a potion of magic
 w - a potion of flight
 x - 3 potions of mutation


   Skills:
 + Level 7.7(12.7) Fighting
 + Level 7.6(14.7) Axes
 * Level 9.3(15.5) Polearms
 + Level 7.8(12.8) Armour
 + Level 6.0(11.0) Dodging
 + Level 7.7(12.7) Shields
 + Level 4.5 Invocations


You had 9 spell levels left.
You didn't know any spells.
Your spell library contained the following spells:

 Spells                   Type           Power      Damage    Failure   Level
 Foxfire                  Conj/Fire      0%         2x1d4     94%         1
 Ensorcelled Hibernation  Hex/Ice        0%         N/A       98%         2
 Passwall                 Tmut/Erth      0%         N/A       98%         2
 Static Discharge         Conj/Air       0%         N/A       98%         2
 Conjure Flame            Conj/Fire      0%         6-21      100%        3
 Inner Flame              Hex/Fire       0%         N/A       100%        3
 Portal Projectile        Hex/Tloc       0%         N/A       100%        3
 Swiftness                Air            0%         N/A       100%        3
 Flame Wave               Conj/Fire      0%         2d4       100%        4
 Leda's Liquefaction      Hex/Erth       0%         N/A       100%        4
 Lightning Bolt           Conj/Air       0%         1d11      100%        5
 Maxwell's Capacitive Co  Air            0%         ∞         100%        8
 Call Canine Familiar     Summ           Unusable   N/A       N/A         3

Dungeon Overview and Level Annotations

Branches:
Dungeon (8/15)             Temple (0/1) D:5
   Lair: D:8-11

Altars:
Cheibriados
Dithmenos
Gozag
Nemelex Xobeh
Okawaru
Sif Muna

Shops:
D:2 *

Annotations:
D:6 3 runed translucent doors, turdburglar's ghost, novice OgBe


Innate Abilities, Weirdness & Mutations

You have a pair of horns on your head.
You reflexively headbutt those who attack you in melee.


Message History

The phantasmal warrior gestures at you.
The phantasmal warrior blinks!
The wraith hits you.
* * * LOW HITPOINT WARNING * * *
The freezing wraith barely misses you.
The freezing wraith hits you but does no damage.
You hear a howl!
You hear a shout! x2
Okay, then.
You fade into invisibility!
The wraith misses you. You block the freezing wraith's attack.
The freezing wraith hits you!
* * * LOW HITPOINT WARNING * * *
The freezing wraith drains your vigour!
You feel as though you will be slow longer.
The phantasmal warrior gestures at you.
The phantasmal warrior blinks!
The wraith misses you.
You feel much better.
The freezing wraith hits you but does no damage.
The freezing wraith completely misses you.
The wraith hits you but does no damage. The freezing wraith hits you.
* * * LOW HITPOINT WARNING * * *
The freezing wraith freezes you!
* * * LOW HITPOINT WARNING * * *
The freezing wraith hits you but does no damage.
You hit the freezing wraith.
The freezing wraith is lightly damaged.
The howler monkey hits you but does no damage.
The phantasmal warrior hits you!
* * * LOW HITPOINT WARNING * * *
Your willpower is stripped away!
You block the wraith's attack.
You hit the freezing wraith.
The freezing wraith is lightly damaged.
The howler monkey howls!
You hit the freezing wraith but do no damage.
You headbutt the freezing wraith!
The freezing wraith is moderately damaged.
The howler monkey howls!
The freezing wraith hits you.
* * * LOW HITPOINT WARNING * * *
The freezing wraith freezes you!
You die...

#.Y..Y......
#...........# .#
#..........## .#
......###.## .####
.##.##..# .. ....## #
##..# .....#....# #.Y.#
......##..# ##WW#
....#....######.@# ##
....#....##...#hW##.# #
.###......#.........#.#
†# #...................
.###........h..........
.<.....................
.....#####.............
.......................
.......##.............#


You could see a phantasmal warrior, a freezing wraith, a yak, a wraith and 2
howler monkeys.

Vanquished Creatures
  A death knight (D:8)
  A two-headed ogre (D:7)
  A gargoyle (D:7)
  A freezing wraith (D:8)
  An unseen horror (D:7)
  A troll (D:7)
  2 hornets (D:7)
  A shadow (D:7)
  A wyvern (D:5)
  A vampire mosquito (D:7)
  An acid dragon (D:7)
  4 water moccasins
  4 sky beasts
  A black bear (D:7)
  A hornet zombie (D:7)
  2 necrophages
  2 ogres
  A centaur (D:5)
  A phantom (D:5)
  A bullfrog (D:7)
  4 scorpions
  A killer bee (D:7)
  7 wights
  4 howler monkeys
  A bullfrog zombie (D:6)
  A bullfrog skeleton (D:6)
  3 hounds
  An orc priest (D:5)
  3 centaur skeletons
  3 iguanas (D:6)
  A hound skeleton (D:5)
  A howler monkey zombie (D:5)
  A gnoll (D:2)
  6 adders
  A white imp (D:7)
  3 worms
  4 dart slugs
  7 orcs
  7 endoplasms
  2 giant cockroaches
  7 goblins
  5 hobgoblins
  4 kobolds
  6 quokkas (D:1)
  7 ball pythons
  3 bats
  6 rats
128 creatures vanquished.

Vanquished Creatures (others)
  8 plants (D:7)
8 creatures vanquished.

Grand Total: 136 creatures vanquished

Notes
Turn   | Place    | Note
-------+----------+-------------------------------------------
     0 | D:1      | Sin92 the Minotaur Fighter began the quest for the Orb.
     0 | D:1      | Reached XP level 1. HP: 19/19 MP: 0/0
   273 | D:1      | Reached XP level 2. HP: 27/27 MP: 1/1
   553 | D:1      | Reached skill level 1 in Dodging
  1041 | D:2      | Reached XP level 3. HP: 23/33 MP: 2/2
  1640 | D:2      | Found a faded altar of an unknown god.
  1671 | D:2      | Found a shimmering blue altar of Sif Muna.
  1736 | D:2      | Found Goamelib's Assorted Antiques.
  1751 | D:2      | Reached XP level 4. HP: 40/40 MP: 3/3
  2207 | D:3      | Found a shadowy altar of Dithmenos.
  2603 | D:3      | Identified the +6 spear of Dithmenos's Favour {freeze, rN+
                  | Dex+7}
  2794 | D:3      | Found a shimmering blue altar of Sif Muna.
  2844 | D:4      | Noticed a necrophage
  2854 | D:4      | Killed a necrophage
  2855 | D:4      | Reached skill level 1 in Polearms
  2855 | D:4      | Reached XP level 5. HP: 37/47 MP: 4/4
  2972 | D:4      | Reached skill level 2 in Polearms
  3050 | D:4      | Found a sparkling altar of Nemelex Xobeh.
  3147 | D:4      | Found an iron altar of Okawaru.
  3156 | D:4      | Became a worshipper of Warmaster Okawaru
  3227 | D:4      | Noticed an ogre
  3231 | D:4      | Killed an ogre
  3232 | D:4      | Reached XP level 6. HP: 47/53 MP: 5/5
  3603 | D:5      | Entered Level 5 of the Dungeon
  3607 | D:5      | Noticed a water moccasin
  3614 | D:5      | Killed a water moccasin
  3615 | D:5      | Reached skill level 3 in Polearms
  3715 | D:5      | Reached XP level 7. HP: 60/60 MP: 6/6
  3719 | D:5      | Reached * piety under Okawaru
  3720 | D:5      | Reached skill level 5 in Fighting
  3720 | D:5      | Reached skill level 5 in Armour
  3796 | D:5      | Reached skill level 5 in Shields
  3798 | D:5      | Reached skill level 5 in Axes
  3862 | D:5      | Found a staircase to the Ecumenical Temple.
  3872 | D:5      | Reached skill level 4 in Polearms
  3984 | D:5      | Noticed a wyvern
  3993 | D:5      | Killed a wyvern
  3994 | D:5      | Reached skill level 1 in Invocations
  3994 | D:5      | Reached XP level 8. HP: 54/69 MP: 7/7
  3997 | D:5      | Reached skill level 5 in Polearms
  4138 | D:5      | Reached ** piety under Okawaru
  4898 | D:6      | Reached skill level 6 in Polearms
  5073 | D:6      | Found a runed translucent gate.
  5073 | D:6      | Found a runed translucent gate.
  5073 | D:6      | Found an opulent altar of Gozag.
  5074 | D:6      | Found a runed translucent gate.
  5074 | D:6      | Noticed a boulder beetle
  5074 | D:6      | Noticed turdburglar's ghost (novice OgBe)
  5759 | D:7      | Noticed a gargoyle
  5775 | D:7      | Killed a gargoyle
  5776 | D:7      | Reached XP level 9. HP: 18/77 MP: 8/10
  6169 | D:7      | Reached *** piety under Okawaru
  6350 | D:7      | Reached skill level 7 in Polearms
  6559 | D:7      | Noticed a troll
  6559 | D:7      | Noticed a two-headed ogre
  6574 | D:7      | Killed a two-headed ogre
  6575 | D:7      | Reached skill level 5 in Dodging
  6576 | D:7      | Reached **** piety under Okawaru
  6577 | D:7      | Reached skill level 8 in Polearms
  6998 | D:7      | Paralysed by a hornet for 3 turns
  7270 | D:7      | Killed a troll
  7271 | D:7      | Reached XP level 10. HP: 69/86 MP: 11/11
  8052 | D:8      | Noticed a death knight
  8052 | D:8      | Noticed a phantasmal warrior
  8090 | D:8      | Found a snail-covered altar of Cheibriados.
  8153 | D:8      | Killed a death knight
  8154 | D:8      | Reached skill level 9 in Polearms
  8166 | D:8      | HP: 3/88 [freezing wraith[a death knight] (11)]
  8170 | D:8      | HP: 1/88 [freezing wraith[a death knight] (6)]
  8170 | D:8      | Mangled by a freezing wraith

Illustrated notes

Levels and vault maps discovered:
D:1:      matt_arrival_refuge, layout_basic, minmay_indecisive_spiral
D:2:      layout_basic, shapermc_ecumenical_altar_mp_highgroup, serial_shops,
          shop, basic_altar, minmay_pentomino_o4
D:3:      layout_basic, lemuel_crystal_altar, mainiacjoe_overflow_tiny_flanked,
          minmay_fountain_box
D:4:      nicolae_cairo_tiling_large_dashed, layout_loops_ring,
          mainiacjoe_overflow_surrounded_room, nemelex_spade_bored_becter
D:5:      layout_cave_pools, minmay_temple_entry_junction, minivault_23,
          minmay_chambers_of_fives
D:6:      layout_basic, ebering_ghost_gozag, bh_walls_and_bars
D:7:      minmay_the_grid_plus_closed [minmay_the_grid_dragon_b,
          minmay_the_grid_paths, minmay_the_grid_garden,
          minmay_the_grid_large_cup, minmay_the_grid_prize_inner_circle],
          layout_basic
D:8:      layout_cave_pools, slow_altar_1, general_overflow_altar, uniq_grum

Skill      XL: |  1  2  3  4  5  6  7  8  9 10 |
---------------+-------------------------------+-----
Axes           | 3 4 5 6 7 |  7.6
Dodging        | 1 2 3 4 5 6 |  6.0
Fighting       | 4 5 6 7 |  7.7
Armour         | 4 5 6 7 |  7.8
Shields        | 4 5 6 7 |  7.7
Polearms       | 1 2 3 4 6 8 9 |  9.3
Invocations    | 1 2 3 4 |  4.5

Action                   |  1- 3 |  4- 6 |  7- 9 | 10-12 || total
-------------------------+-------+-------+-------+-------++-------
Melee: War axe           |    91 |    25 |       |       ||   116
       Headbutt          |    15 |    15 |    46 |    18 ||    94
       Spear             |       |    45 |   199 |    69 ||   313
Invok: Heroism           |       |       |     2 |     1 ||     3
       Finesse           |       |       |       |     1 ||     1
  Use: Scroll            |       |       |    13 |     7 ||    20
       Potion            |       |       |     5 |     2 ||     7
Armor: Chain mail        |    53 |    26 |    55 |    25 ||   159
       Scale mail        |     3 |       |       |       ||     3
Dodge: Dodged            |    31 |    13 |    63 |    23 ||   130
Block: Buckler           |    18 |    12 |    35 |    19 ||    84
